 Dungeon Crawl Stone Soup version 0.21.1-1-g345015fe64 (webtiles) character file.

381 HessuHobo the Ruffian (level 6, -14/52 HPs)
             Began as a Minotaur Monk on May 23, 2018.
             Demolished by ady5's ghost (16 damage)
             ... on level 5 of the Dungeon.
             The game lasted 00:05:28 (4430 turns).

HessuHobo the Ruffian (Minotaur Monk)               Turns: 4430, Time: 00:05:29

Health: -14/52     AC:  4    Str: 16    XL:     6   Next: 46%
Magic:  14/14      EV: 20    Int:  7    God:
Gold:   173        SH:  0    Dex: 19    Spells: 5/5 levels left

rFire    . . .     SeeInvis .     - Unarmed
rCold    . . .     Gourm    .   (no shield)
rNeg     . . .     Faith    .   a - +0 robe
rPois    .         Spirit   .   (helmet restricted)
rElec    .         Reflect  .   f - +0 cloak
rCorr    +         Harm     .   (no gloves)
MR       .....                  g - +0 pair of boots
Stlth    ++++......             (no amulet)
HPRegen  0.17/turn              h - ring of magical power
MPRegen  0.14/turn              p - ring of resist corrosion

@: agile
A: retaliatory headbutt, horns 2
a: no special abilities


You were on level 5 of the Dungeon.
You were not hungry.

You visited 1 branch of the dungeon, and saw 5 of its levels.

You collected 173 gold pieces.

Inventory:

Hand Weapons
 r - the +8 whip of Bankruptcy {slash, rC+, unknown}
   (You found it on level 4 of the Dungeon)

   It inflicts extra damage upon your enemies.
   It protects you from cold.
Armour
 a - a +0 robe (worn)
 f - a +0 cloak (worn)
 g - a +0 pair of boots (worn)
 i - a +0 pair of boots
Jewellery
 e - a cursed -2 ring of intelligence {unknown}
 h - a ring of magical power (left hand)
 j - the ring "Xiytac" {rC- MR++ MP+9 Dex+4, unknown}
   (You found it on level 4 of the Dungeon)

   [ring of magical power]

   It affects your dexterity (+4).
   It makes you vulnerable to cold.
   It affects your resistance to hostile enchantments.
   It affects your magic capacity (+9).
 l - a +1 ring of protection
 p - a ring of resist corrosion (right hand)
Scrolls
 k - 3 scrolls of remove curse
 q - a scroll of enchant weapon
Potions
 c - a potion of haste {unknown}
 m - a potion of cancellation {unknown}
 n - 3 potions of curing {unknown}
 o - 2 potions of heal wounds {unknown}
Comestibles
 b - 9 rations
 s - 2 chunks of flesh


   Skills:
 + Level 4.0 Fighting
 * Level 4.9 Dodging
 * Level 3.2 Stealth
 * Level 6.1 Unarmed Combat


You had 5 spell levels left.
You didn't know any spells.

Dungeon Overview and Level Annotations

Branches:
Dungeon (5/15)
 Temple: D:4-7

Altars:
Dithmenos
Okawaru
Uskayaw
Yredelemnul

Annotations:
D:5 ady5's ghost, novice TrBe


Innate Abilities, Weirdness & Mutations

You reflexively headbutt those who attack you in melee.
You have a pair of horns on your head.


Message History

Ady5's ghost hits you.
* * * LOW HITPOINT WARNING * * *
You punch ady5's ghost!
Ady5's ghost is almost destroyed.
Ady5's ghost completely misses you. You furiously retaliate!
You headbutt ady5's ghost, but do no damage.
You barely miss ady5's ghost. You headbutt ady5's ghost.
Ady5's ghost is almost destroyed.
You hit ady5's ghost.
You headbutt ady5's ghost, but do no damage.
Ady5's ghost is almost destroyed.
Ady5's ghost hits you!
* * * LOW HITPOINT WARNING * * *
You barely miss ady5's ghost. You headbutt ady5's ghost.
Ady5's ghost is almost destroyed.
Ady5's ghost completely misses you.
You closely miss ady5's ghost.
Ady5's ghost is almost destroyed.
Ady5's ghost hits you!
You die...

############..#.
##............##.
#..#############.
#######.## ##
##.......#
#.<......##
..........#
..........#
.......@).#
......W...#
..........#
#........##
#.........
..........#
..........#
..........#


You could see ady5's ghost.

Vanquished Creatures
  A water moccasin skeleton (D:4)
  A scorpion (D:4)
  A crimson imp (D:5)
  3 worker ants
  A hound skeleton (D:5)
  3 gnolls (D:3)
  3 adders
  2 worms
  4 dart slugs
  6 leopard geckos
  4 orcs
  A ball python (D:4)
  6 bats
  7 giant cockroaches
  8 goblins
  9 hobgoblins
  12 jackals
  A quokka (D:4)
  2 frilled lizards (D:3)
  7 kobolds
  2 rats
84 creatures vanquished.

Notes
Turn   | Place    | Note
-------+----------+-------------------------------------------
     0 | D:1      | HessuHobo the Minotaur Monk began the quest for the Orb.
     0 | D:1      | Reached XP level 1. HP: 19/19 MP: 0/0
    74 | D:1      | Reached XP level 2. HP: 4/27 MP: 1/1
   721 | D:1      | Reached XP level 3. HP: 33/33 MP: 2/2
  1012 | D:2      | Found a shadowy altar of Dithmenos.
  1024 | D:2      | Reached skill level 4 in Unarmed Combat
  1272 | D:2      | Found a basalt altar of Yredelemnul.
  1508 | D:2      | Found a hide-covered altar of Uskayaw.
  2185 | D:3      | Reached XP level 4. HP: 40/40 MP: 3/3
  2922 | D:3      | Reached XP level 5. HP: 19/46 MP: 4/4
  3433 | D:4      | Reached skill level 5 in Unarmed Combat
  3473 | D:4      | Got a scorched wooden ring
  3687 | D:4      | Reached XP level 6. HP: 32/52 MP: 5/5
  3968 | D:4      | Got an iridescent whip
  4090 | D:4      | Found an iron altar of Okawaru.
  4209 | D:5      | Entered Level 5 of the Dungeon
  4254 | D:5      | Reached skill level 6 in Unarmed Combat
  4407 | D:5      | Noticed ady5's ghost (novice TrBe)
  4428 | D:5      | HP: 2/52 [ady5's ghost (12)]
  4430 | D:5      | Demolished by ady5's ghost

Skill      XL: |  1  2  3  4  5  6 |
---------------+-------------------+-----
Unarmed Combat | 4 5 6 |  6.1
Dodging        | 4 |  4.9
Stealth        | 2 3 |  3.2
Fighting       | 4 |  4.0

Action                   |  1- 3 |  4- 6 || total
-------------------------+-------+-------++-------
Melee: Unarmed           |   116 |   148 ||   264
       Headbutt          |    15 |    21 ||    36
       Punch             |     2 |     2 ||     4
  Use: Scroll            |     2 |     3 ||     5
       Potion            |       |     2 ||     2
 Stab: Sleeping          |     5 |     2 ||     7
  Eat: Chunk             |     2 |     2 ||     4
       Ration            |     1 |     1 ||     2
Armor: Robe              |    24 |    25 ||    49
Dodge: Dodged            |    78 |    99 ||   177
